 Dungeon Crawl Stone Soup version 0.26-a0-926-g43279f1ce9 (webtiles) character file.

Game seed: 16563850720906520950

401 Descartes the Covert (level 6, -1/28 HPs)
             Began as a Felid Delver on Nov 26, 2020.
             Slain by an orc warrior
             ... wielding a +0 trident
              (21 damage)
             ... on level 5 of the Dungeon.
             The game lasted 00:09:54 (7511 turns).

Descartes the Covert (Felid Delver)                 Turns: 7511, Time: 00:09:55

Health: -1/28      AC:  4    Str: 10    XL:     6   Next: 54%
Magic:  7/7        EV: 22    Int: 11    God:
Gold:   266        SH:  0    Dex: 18    Spells: 5/5 levels left
                                        Lives:  0   Deaths: 2

rFire    . . .     SeeInvis +     - Unarmed
rCold    . . .     Faith    .   (shield unavailable)
rNeg     . . .     Spirit   .   (armour unavailable)
rPois    .         Reflect  .   (helmet unavailable)
rElec    .         Harm     .   (cloak unavailable)
rCorr    .         Rampage  .   (gloves unavailable)
MR       .....     Clarity  +   (boots unavailable)
Stlth    +++++.....             (no amulet)
HPRegen  0.09/turn              (no ring)
MPRegen  0.10/turn              (no ring)

@: hasted, very quick
A: very small, no armour, no weapons or thrown items, stealth, claws 1, fangs 3,
icy blue scales 1, see invisible, clarity, speed 1, shaggy fur 2, sharp paws
a: no special abilities


You were on level 5 of the Dungeon.
You visited 2 branches of the dungeon, and saw 8 of its levels.

You collected 266 gold pieces.

Inventory:

Wands
 e - a wand of digging (3)
 h - a wand of flame (8)
 u - a wand of acid (6) (quivered)
Scrolls
 a - 4 scrolls of fog
 b - 3 scrolls of magic mapping
 c - 2 scrolls of fear
 f - 4 scrolls of amnesia {unknown}
 g - a scroll of enchant weapon {unknown}
 i - 6 scrolls of remove curse
 k - 2 scrolls of teleportation {unknown}
 l - a scroll of immolation {unknown}
 p - a scroll of noise {unknown}
 s - 2 scrolls of blinking {unknown}
 v - a scroll of vulnerability {unknown}
Potions
 d - a potion of haste
 m - 3 potions of degeneration
 n - a potion of cancellation
 o - a potion of mutation
 r - a potion of curing {unknown}
 t - a potion of heal wounds {unknown}


   Skills:
 - Level 3.0 Fighting
 + Level 6.3 Dodging
 * Level 11.0 Stealth
 + Level 4.0 Unarmed Combat


You had 5 spell levels left.
You didn't know any spells.
Your spell library was empty.

Dungeon Overview and Level Annotations

Branches:
Dungeon (7/15)             Temple (1/1) D:5

Altars:
Ashenzari
Cheibriados
Dithmenos
Elyvilon
Gozag
Hepliaklqana
Kikubaaqudgha
Makhleb
Nemelex Xobeh
Okawaru
Qazlal
Ru
Sif Muna
Trog
Uskayaw
Vehumet
Wu Jian
Xom
Zin
The Shining One

Annotations:
D:2 1 runed translucent door, Crazy Yiuf


Innate Abilities, Weirdness & Mutations

You cannot wear armour.
You are incapable of wielding weapons or throwing items.
Your paws allow you to move quietly. (Stealth)
You have sharp claws.
You have razor-sharp teeth.
You have supernaturally acute eyesight. (SInv)
You cover ground quickly.
You are covered in thick fur. (AC +2)
Your sharp claws are effective at attacking unaware monsters.
You are partially covered in icy blue scales. (AC +2)
You possess an exceptional clarity of mind.


Message History

The orc warrior is lightly wounded.
You barely miss the orc warrior.
The orc warrior is lightly wounded.
The orc warrior misses you.
You feel yourself speed up. The orc warrior completely misses you.
You barely miss the orc warrior.
The orc warrior is lightly wounded.
The orc warrior hits you with a +0 trident.
You claw the orc warrior!
The orc warrior is moderately wounded.
You scratch the orc warrior.
The orc warrior is heavily wounded.
The orc warrior misses you.
You scratch the orc warrior.
The orc warrior is heavily wounded.
You scratch the orc warrior.
The orc warrior is heavily wounded.
The orc warrior hits you with a +0 trident!!
Ouch! That really hurt!
You die...

##..............##
#...............##
#.................
#.................
#............#....
##....####........
#.........##.....
##o........##.....
#@................
###[.........##.....
#...............####
#...............#⌠≈≈
#...............#≈≈≈
#...............#≈≈≈
#...#...####....##≈#
###.#...##...#...#≈#
###.#...##......##≈#


You could see an orc warrior.

Vanquished Creatures
  An ice beast (D:6)
  A big kobold (D:4)
  A bullfrog (D:6)
  2 scorpions
  A hound (D:5)
  An orc priest (D:6)
  A bullfrog skeleton (D:6)
  A centaur skeleton (D:4)
  2 orc wizards
  7 worker ants
  A hound skeleton (D:5)
  A worker ant zombie (D:3)
  2 adders
  A white imp (D:5)
  An ooze (D:4)
  2 worms
  A dart slug (D:1)
  5 leopard geckos
  7 orcs
  2 ball pythons
  6 bats
  2 giant cockroaches (D:1)
  8 hobgoblins
  7 jackals
  2 quokkas
  8 frilled lizards
  5 goblins
  19 kobolds
  5 rats
103 creatures vanquished.

Vanquished Creatures (others)
  4 plants (D:1)
4 creatures vanquished.

Grand Total: 107 creatures vanquished

Notes
Turn   | Place    | Note
-------+----------+-------------------------------------------
     0 | D:5      | Descartes the Felid Delver began the quest for the Orb.
     0 | D:5      | Reached XP level 1. HP: 10/10 MP: 2/2
    31 | D:5      | Noticed a worker ant
   109 | D:4      | Noticed a worker ant
   116 | D:4      | Killed a worker ant
   117 | D:4      | Reached skill level 7 in Stealth
   117 | D:4      | Reached XP level 2. HP: 14/14 MP: 3/3
   125 | D:4      | Reached XP level 3. HP: 17/17 MP: 4/4
   186 | D:4      | Reached skill level 8 in Stealth
   422 | D:4      | Noticed a big kobold
   425 | D:4      | Reached XP level 4. HP: 13/21 MP: 5/5
  1288 | D:3      | Found a shimmering altar of Xom.
  1846 | D:2      | Found a stormy altar of Qazlal.
  1851 | D:2      | Found a burning altar of Makhleb.
  1898 | D:2      | Found a runed translucent door.
  1899 | D:2      | Noticed Crazy Yiuf
  2905 | D:1      | Reached XP level 5. HP: 24/24 MP: 6/6
  3815 | D:4      | Reached skill level 9 in Stealth
  4047 | D:4      | Reached skill level 5 in Dodging
  4126 | D:4      | Found an opulent altar of Gozag.
  4405 | D:4      | Gained mutation: You are covered in thick fur. (AC +2)
                  | [Felid growth]
  4405 | D:4      | Reached XP level 6. HP: 19/28 MP: 7/7
  4665 | D:5      | Gained mutation: You possess an exceptional clarity of
                  | mind. [potion of mutation]
  4665 | D:5      | Gained mutation: You are partially covered in icy blue
                  | scales. (AC +2) [potion of mutation]
  5331 | D:5      | Found a staircase to the Ecumenical Temple.
  5604 | D:4      | Reached skill level 10 in Stealth
  5713 | D:5      | Found a snail-covered altar of Cheibriados.
  5922 | Temple   | Entered the Ecumenical Temple
  6167 | D:6      | Reached XP level 7. HP: 31/31 MP: 8/8
  6605 | D:6      | Killed from afar by an orc priest
  6606 | D:6      | Reached XP level 6. HP: -9/28 MP: 7/7
  6613 | D:6      | Killed from afar by an orc priest
  6614 | D:6      | Reached XP level 5. HP: -4/24 MP: 6/6
  7041 | D:6      | Reached XP level 6. HP: 12/28 MP: 7/7
  7260 | D:6      | Killed an ice beast
  7261 | D:6      | Reached skill level 11 in Stealth
  7511 | D:5      | Slain by an orc warrior

Illustrated notes

Levels and vault maps discovered:
D:1:      dpeg_arrival_erosion, layout_loops_ring, chequers_big_river
D:2:      layout_basic, nicolae_overflow_hidden_temple,
          minmay_misc_feat_enclosed, chequers_serial_rivers_room_a,
          uniq_crazy_yiuf_cottage
D:3:      layout_basic, marbit_many_paths, kennysheep_generic_room_4
D:4:      cheibrodos_thug_alley, layout_basic,
          nicolae_gozag_cash_rules_everything_around_me
D:5:      layout_basic, minmay_temple_entry_ruins, serial_rivers,
          chequers_serial_rivers_large_b, chequers_serial_rivers_small_b,
          chequers_serial_rivers_room_b, chequers_serial_rivers_small_3,
          cheibrodos_worm_habitat
D:6:      layout_basic, old_standard_altar, serial_shops, shop
D:7:      layout_loops_cross, uniq_harold, uniq_prince_ribbit1
Temple:   eino_temple_scatter_basement

Skill      XL: |  1  2  3  4  5  6 |
---------------+-------------------+-----
Dodging        | 3 4 6 |  6.3
Stealth        | 7 8 9 11 | 11.0
Unarmed Combat | 4 |  4.0
Fighting       | |  3.0

Action                   |  1- 3 |  4- 6 |  7- 9 || total
-------------------------+-------+-------+-------++-------
Melee: Unarmed           |    55 |   314 |    19 ||   388
       Bite              |     3 |    29 |     3 ||    35
       Punch             |       |     2 |       ||     2
Evoke: Wand              |       |     7 |       ||     7
  Use: Potion            |       |     4 |       ||     4
       Scroll            |       |     4 |       ||     4
 Stab: Sleeping          |     2 |    28 |       ||    30
       Distracted        |     1 |       |       ||     1
Armor: Skin              |     1 |    12 |     1 ||    14
Dodge: Dodged            |    42 |   271 |    24 ||   337

Table legend: (Time is in decaauts)
 A = Elapsed time spent in this place.
 B = Non-inter-level travel time spent in this place.
 C = Inter-level travel time spent in this place.
 D = Time resting spent in this place.
 E = Time spent auto-exploring this place.
 F = Levels seen in this place.
 G = Mean time per level.
                   A        B        C        D        E       F      G
               +--------+--------+--------+--------+--------+-----+--------+
         Total |   6644 |   6313 |    331 |    247 |   4971 |   8 |  830.5 |
       Dungeon |   6513 |   6193 |    320 |    247 |   4852 |   7 |  930.4 |
        Temple |    130 |    120 |     10 |      0 |    118 |   1 |  130.0 |
               +--------+--------+--------+--------+--------+-----+--------+

Top non-repeatable levels by time:
     D:5: 1424 daAuts
     D:4: 1304 daAuts
     D:1: 1111 daAuts
     D:3: 1026 daAuts
     D:6: 827 daAuts
     D:2: 623 daAuts
     D:7: 195 daAuts
  Temple: 130 daAuts
